Map: Simulacrum LE

Players

Marsman

  • Race: Protoss Protoss
  • Spawn Location: 5:00

PtitDrogo - Winner!

  • Race: Protoss Protoss
  • Spawn Location: 11:00

Event: IEM Katowice 2020

VOD

Have the link to the VOD?

Description

Time

  • Played on: Feb. 25, 2020, 6:08 a.m.
  • Length: 7:58

All games in this series

Show
View Real Time Build Order
Export as new Build Order

Marsman Protoss 

Build Orders: Phoenix Opening 

Get SALT Encoding   

  12  0:00  Probe  
  13  0:13  Probe  
  14  0:17  Pylon  
  14  0:25  Probe  
  15  0:36  Gateway  
  15  0:38  Probe (Chrono Boost)  
  16  0:43  Assimilator  
  17  0:50  Probe (Chrono Boost)  
  17  0:53  Assimilator  
  17  0:55  Probe (Chrono Boost)  
  19  1:04  Probe (Chrono Boost)  
  19  1:09  Gateway  
  19  1:14  Probe (Chrono Boost)  
  20  1:19  Probe (Chrono Boost)  
  21  1:27  Cybernetics Core  
  21  1:31  Probe  
  22  1:38  Pylon  
  22  1:43  Probe  
  23  2:03  Stargate  
  23  2:08  Stalker  
  25  2:09  Stalker  
  25  2:13  Warp Gate  
  27  2:16  Probe  
  28  2:23  Pylon  
  28  2:46  Phoenix (Chrono Boost)  
  30  3:02  Phoenix  
  32  3:12  Nexus  
  32  3:18  Pylon  
  32  3:27  Phoenix (Chrono Boost)  
  34  3:39  Robotics Facility  
  33  3:51  Probe  
  33  3:53  Pylon  
  34  4:02  Sentry, Stalker  
  38  4:04  Probe  
  39  4:11  Shield Battery  
  39  4:16  Probe  
  40  4:28  Probe  
  40  4:29  Probe  
  42  4:32  Immortal (Chrono Boost)  
  46  4:40  Probe  
  46  4:41  Probe  
  46  4:53  Probe x2  
  46  4:54  Sentry x2  
  46  4:59  Pylon  
  52  5:05  Probe x2  
  54  5:18  Stalker x2  
  52  5:43  Phoenix  
  52  5:45  Probe x2  
  52  5:47  Assimilator  
  52  5:48  Adept x2  
  52  5:49  Assimilator  
  60  5:51  Immortal (Chrono Boost)  
  64  5:57  Probe x2  
  66  6:07  Pylon  
  66  6:09  Probe x2  
  64  6:20  Twilight Council  
  64  6:21  Probe x2  
  64  6:22  Forge  
  66  6:30  Warp Prism  
  68  6:33  Probe x2  
  68  6:39  Pylon  
  70  6:43  Pylon  
  70  6:45  Probe  
  70  6:46  Probe, Oracle (Chrono Boost)  
  75  6:58  Probe  
  76  7:09  Gateway  
  76  7:12  Gateway  
  76  7:18  Templar Archives  
  76  7:25  Stalker x2  
  80  7:33  Shield Battery  
  80  7:34  Shield Battery  
  80  7:50  Shield Battery  
  80  7:55  Zealot x2  
Show
View Real Time Build Order
Export as new Build Order

PtitDrogo Protoss - Winner!

Build Orders:  

Get SALT Encoding   

  12  0:00  Probe  
  13  0:12  Probe  
  14  0:17  Pylon  
  14  0:25  Probe (Chrono Boost)  
  15  0:37  Probe (Chrono Boost)  
  15  0:38  Gateway  
  16  0:44  Probe (Chrono Boost)  
  16  0:46  Assimilator  
  17  0:51  Probe  
  17  0:55  Assimilator  
  18  1:03  Probe (Chrono Boost)  
  19  1:09  Gateway  
  19  1:13  Probe (Chrono Boost)  
  19  1:17  Probe (Chrono Boost)  
  20  1:25  Cybernetics Core  
  21  1:29  Probe  
  22  1:35  Pylon  
  22  1:41  Probe  
  23  1:53  Probe  
  24  2:01  Stalker  
  24  2:02  Warp Gate, Sentry  
  28  2:11  Pylon  
  28  2:19  Robotics Facility  
  28  2:21  Pylon  
  28  2:29  Probe  
  29  2:31  Stalker  
  31  2:41  Probe  
  32  2:53  Stalker  
  32  2:57  Pylon  
  34  3:07  Immortal (Chrono Boost)  
  38  3:27  Nexus  
  38  3:33  Probe  
  39  3:43  Observer (Chrono Boost)  
  39  3:46  Probe  
  41  3:50  Sentry x2  
  45  3:57  Warp Prism  
  45  4:02  Pylon  
  47  4:20  Probe  
  47  4:21  Stalker x2  
  52  4:32  Probe  
  53  4:44  Probe (Chrono Boost), Stalker  
  56  4:48  Stalker  
  55  4:53  Probe (Chrono Boost)  
  55  4:56  Probe (Chrono Boost)  
  57  5:01  Shield Battery  
  57  5:03  Probe (Chrono Boost)  
  57  5:04  Probe (Chrono Boost)  
  59  5:08  Probe (Chrono Boost), Stalker  
  59  5:11  Probe  
  63  5:19  Probe  
  63  5:20  Stalker  
  66  5:23  Probe  
  63  5:34  Stalker  
  59  5:40  Immortal (Chrono Boost)  
  59  5:41  Probe  
  59  5:42  Probe  
  55  5:43  Pylon  
  55  5:47  Stalker  
  61  5:50  Twilight Council  
  61  5:51  Pylon  
  61  6:15  Gateway  
  61  6:16  Gateway x2  
  60  6:20  Resonating Glaives (Chrono Boost)  
  60  6:24  Gateway  
  60  6:25  Gateway x2  
  60  6:30  Sentry  
  60  6:32  Adept  
  64  6:35  Probe  
  64  6:37  Pylon  
  65  6:43  Pylon  
  65  6:55  Pylon  
  65  6:56  Adept  
  65  6:57  Adept  
  69  7:10  Pylon  
  69  7:17  Adept x4  
  69  7:18  Adept x2  
  69  7:20  Adept  
  83  7:42  Adept  
  83  7:43  Adept x5  
  93  7:45  Adept  
  93  7:49  Adept  

Tags
 
Add a new tag
Caveats
  • Supply blocks, unpowered buildings, or Contaminate may cause inaccurate times.
  • Supply counts are checked every 10 seconds.